 Dungeon Crawl Stone Soup version 0.32-a0-460-gc8eefc90e7 (webtiles) character file.

Game seed: 8193172609656292968

345 GordonOverkill the Sneak (level 6, 0/32 HPs)
             Began as a Spriggan Delver on Feb 24, 2024.
             Slain by a goblin
             ... wielding a +2 dagger of electrocution
             ... led by Robin
              (7 damage)
             ... on level 3 of the Dungeon.
             The game lasted 00:09:29 (2758 turns).

GordonOverkill the Sneak (Spriggan Delver)          Turns: 2758, Time: 00:09:29

Health: 0/32       AC:  2    Str:  8    XL:     6   Next: 32%
Magic:  12/12      EV: 17    Int: 14    God:
Gold:   271        SH:  0    Dex: 16    Spells: 9/12 levels left

rFire   . . .        i - +0 orcbow
rCold   . . .        (shield currently unavailable)
rNeg    . . .        b - +0 robe
rPois   .            (helmet restricted)
rElec   .            (no cloak)
rCorr   .            (gloves unavailable)
SInv    +            (boots unavailable)
Will    +....        e - amulet of regeneration
Stlth   ++++         (no ring)
HPRegen 1.05/turn    (no ring)
MPRegen 0.13/turn

%: no passive effects
@: very quick
A: very small, no large weapons, unfitting armour, see invisible, speed 3
a: no special abilities


You were on level 3 of the Dungeon.
You visited 1 branch of the dungeon, and saw 6 of its levels.

You collected 271 gold pieces.

Inventory:

Hand Weapons
 i - a +0 orcbow (weapon)
 A - a +2 dagger of speed
Armour
 b - a +0 robe (worn)
 m - a scarf of harm
Magical Staves
 w - a staff of air
Jewellery
 e - an amulet of regeneration (around neck)
Wands
 g - a wand of digging (3)
 z - a wand of roots (15)
Scrolls
 a - a scroll of teleportation {unknown}
 c - a scroll of fog
 d - a scroll of revelation
 f - a scroll of poison {unknown}
 j - a scroll of amnesia {unknown}
 k - 2 scrolls of blinking {unknown}
 n - 3 scrolls of fear
 p - 5 scrolls of identify {unknown}
 q - 2 scrolls of immolation {unknown}
 u - a scroll of summoning {unknown}
 x - a scroll of enchant weapon {unknown}
 y - a scroll of silence {unknown}
Potions
 h - 2 potions of curing {unknown}
 l - 2 potions of heal wounds
 o - a potion of attraction {unknown}
 r - a potion of ambrosia {unknown}
 s - a potion of enlightenment {unknown}
 t - a potion of degeneration {unknown}


   Skills:
 - Level 3.0 Fighting
 - Level 2.1 Short Blades
 - Level 2.6 Dodging
 - Level 7.2 Stealth
 + Level 3.9 Spellcasting
 - Level 4.0 Necromancy
 - Level 2.0 Alchemy


You had 9 spell levels left.
You knew the following spells:

 Your Spells              Type           Power      Damage    Failure   Level
a - Vampiric Draining     Necr           13%        2d6       12%         3

Your spell library contained the following spells:

 Spells                   Type           Power      Damage    Failure   Level
 Necrotise                Necr           52%        1d6       3%          1
 Sublimation of Blood     Necr           13%        N/A       6%          2
 Ensorcelled Hibernation  Hex/Ice        4%         N/A       30%         2
 Animate Dead             Necr           13%        N/A       36%         4
 Gell's Gravitas          Tloc           2%         N/A       52%         3
 Ozocubu's Armour         Ice            2%         N/A       52%         3
 Passwall                 Erth           2%         N/A       52%         3
 Swiftness                Air            2%         N/A       52%         3
 Teleport Other           Tloc           2%         N/A       52%         3
 Martyr's Knell           Necr/Summ      8%         N/A       65%         4
 Curse of Agony           Necr           13%        N/A       71%         5
 Petrify                  Alch/Erth      5%         N/A       78%         4
 Borgnjor's Vile Clutch   Necr/Erth      4%         N/A       94%         5
 Irradiate                Conj/Alch      2%         3d12      98%         5
 Metabolic Englaciation   Hex/Ice        1%         N/A       99%         5
 Death Channel            Necr           6%         N/A       99%         6
 Dispersal                Tloc           1%         N/A       100%        6
 Sculpt Simulacrum        Ice/Alch       2%         N/A       100%        6


Dungeon Overview and Level Annotations

Branches:
Dungeon (6/15)             Temple (0/1) D:5

Altars:
Wu Jian
Xom

Shops:
D:2 =

Annotations:
D:3 Robin


Innate Abilities, Weirdness & Mutations

You are very small and have problems with some larger weapons.
You are too small for most types of armour.
You have supernaturally acute eyesight. (SInv)
You cover ground extremely quickly. (Speed+++)


Message History

Robin is nearby!
Robin is nearby!
You shoot an arrow.
Robin shouts!
The arrow hits Robin.
Robin is moderately wounded.
You hear a shout! x2
A quokka comes into view.
You shoot an arrow. The arrow closely misses Robin.
A goblin comes into view.
It is wielding a +2 dagger of electrocution.
Robin throws the goblin at you! The goblin barely misses you.
You shoot an arrow. The arrow barely misses the goblin.
The goblin completely misses you.
Robin zaps a wand.
The puff of flame hits you!
You are too injured to fight recklessly!
You shoot an arrow. The arrow closely misses the goblin.
The goblin hits you but does no damage.
You are electrocuted!
* * * LOW HITPOINT WARNING * * *
A goblin comes into view. It is wielding a +0 dagger.
The goblin closely misses you.
A goblin comes into view. It is wielding a +0 dagger.
Robin roars a battlecry!
The goblins go into a battle-frenzy!
You shoot an arrow. The arrow closely misses the goblin.
The goblin shouts! x2; You hear a shout!
The goblin hits you with a +2 dagger of electrocution!
* * * LOW HITPOINT WARNING * * *
The quokka misses you.
You shoot an arrow. The arrow barely misses the goblin.
The goblin closely misses you. Robin throws the goblin at you!
* * * LOW HITPOINT WARNING * * *
The quokka bites you but does no damage.
The goblin completely misses you. The goblin closely misses you.
Robin throws the goblin at you! The quokka barely misses you.
As you read the scroll of fog, it dissolves into smoke.
The goblin hits you with a +0 dagger.
* * * LOW HITPOINT WARNING * * *
The goblin closely misses you.
The goblin hits you with a +2 dagger of electrocution!
You die...

##########+######.#....#
#...
..................#....#
#...
..................#....#
#...
.......<..........#....#
#...
###################....#
#### ..................#
.....§..§§........#
..g..§§gg§........#
...gg§r@g§........#
##..##########..)###
#######....##### #...#
##.#..).## #...#
#.####..# #...####.##
##.. #.........# ##.
#.........# ##.
#.........# #..


You could see a quokka and 3 goblins.

Vanquished Creatures
  Sigmund (D:3)
  A jelly (D:4)
  Jessica (D:3)
  Ijyb (D:3)
  An orc wizard (D:4)
  2 adders
  A dart slug (D:3)
  3 ribbon worms
  3 orcs
  4 endoplasms
  4 giant cockroaches
  8 goblins
  4 hobgoblins
  3 jackals
  2 quokkas (D:4)
  2 ball pythons
  9 bats
  4 frilled lizards
  8 kobolds
  2 rats
64 creatures vanquished.

Notes
Turn   | Place    | Note
-------+----------+-------------------------------------------
     0 | D:5      | GordonOverkill the Spriggan Delver began the quest for the
                  | Orb.
     0 | D:5      | Reached XP level 1. HP: 11/11 MP: 2/2
    16 | D:5      | Noticed an orc wizard
    20 | D:5      | Noticed an orc priest
    24 | D:6      | Noticed an ogre
    37 | D:4      | Killed an orc wizard
    38 | D:4      | Reached XP level 2. HP: 10/16 MP: 3/6
    43 | D:5      | Noticed a wight
    43 | D:5      | Noticed a wight
    43 | D:5      | Noticed a wight
    43 | D:5      | Noticed a wight
   106 | D:4      | Reached XP level 3. HP: 20/20 MP: 7/7
   138 | D:4      | Reached skill level 1 in Alchemy
   167 | D:4      | Reached skill level 1 in Necromancy
   341 | D:4      | Reached XP level 4. HP: 24/24 MP: 9/9
   384 | D:5      | Found a staircase to the Ecumenical Temple.
   564 | D:4      | Found a shimmering altar of Xom.
   674 | D:4      | Found an ornate altar of the Wu Jian Council.
   735 | D:4      | Noticed a hornet
   740 | D:4      | Noticed a black bear
   819 | D:3      | Noticed Robin
   856 | D:2      | Found Nakkiot's Jewellery Emporium.
   930 | D:1      | Learned a level 3 spell: Vampiric Draining
  2136 | D:2      | Found a faded altar of an unknown god.
  2307 | D:3      | Noticed Ijyb
  2316 | D:3      | Killed Ijyb
  2317 | D:3      | Reached XP level 5. HP: 28/28 MP: 3/10
  2533 | D:3      | Noticed Jessica
  2535 | D:3      | Killed Jessica
  2546 | D:3      | Noticed Sigmund
  2572 | D:3      | Killed Sigmund
  2573 | D:3      | Reached XP level 6. HP: 32/32 MP: 10/12
  2758 | D:3      | Slain by a goblin

Illustrated notes

Levels and vault maps discovered:
D:1:      scummos_arrival_simple_crosswalls, layout_basic,
          dreamdust_mushroom_princess
D:2:      layout_rooms, hellmonk_ecumenical_altar_arch_garden, serial_shops,
          shop
D:3:      layout_basic, minmay_box_of_dots, uniq_jessica, uniq_sigmund,
          uniq_ijyb, uniq_robin
D:4:      layout_loops_ring, mainiacjoe_overflow_divided_tiny,
          hangedman_abyss_or_decor_stabs, chequers_garden, st_stairs_14,
          lightli_corner_chamber
D:5:      layout_rooms, minmay_temple_entry_junction, nicolae_custom_books,
          cheibrodos_gnoll_hut, uniq_menkaure, uniq_duvessa
D:6:      wander_river, layout_basic, gammafunk_ghost_cemetery,
          uniq_prince_ribbit1

Skill      XL: |  1  2  3  4  5 |
---------------+----------------+-----
Fighting       | 3 |  3.0
Spellcasting   | 2 3 |  3.9
Alchemy        | 1 2 |  2.0
Necromancy     | 1 2 4 |  4.0
Short Blades   | |  2.1
Dodging        | |  2.6
Stealth        | |  7.2

Action                     |  1- 3 |  4- 6 || total
---------------------------+-------+-------++-------
  Melee: Dagger            |       |    36 ||    36
   Fire: Orcbow            |    44 |   150 ||   194
   Cast: Vampiric Draining |       |     2 ||     2
    Use: Potion            |     1 |     3 ||     4
         Scroll            |       |     1 ||     1
 Armour: Robe              |     5 |    52 ||    57
         Skin              |       |    16 ||    16
  Dodge: Dodged            |    12 |    86 ||    98

Table legend: (Time is in decaauts)
 A = Elapsed time spent in this place.
 B = Non-inter-level travel time spent in this place.
 C = Inter-level travel time spent in this place.
 D = Time resting spent in this place.
 E = Time spent auto-exploring this place.
 F = Levels seen in this place.
 G = Mean time per level.
                   A        B        C        D        E       F      G
               +--------+--------+--------+--------+--------+-----+--------+
         Total |   1965 |   1878 |     87 |    256 |   1063 |   6 |  327.5 |
       Dungeon |   1965 |   1878 |     87 |    256 |   1063 |   6 |  327.5 |
               +--------+--------+--------+--------+--------+-----+--------+

Top non-repeatable levels by time:
     D:1: 580 daAuts
     D:4: 494 daAuts
     D:3: 480 daAuts
     D:2: 357 daAuts
     D:5: 52 daAuts
     D:6: 1 daAuts
